 Dungeon Crawl Stone Soup version 0.22-a0-580-gd5db89c (webtiles) character file.

1973 emperorscorpion the Grappler (level 9, -5/85 HPs)
             Began as a Troll Berserker on July 4, 2018.
             Was a Believer of Trog.
             Slain by a black mamba (11 damage)
             ... on level 2 of the Lair of Beasts.
             The game lasted 00:07:32 (850 turns).

emperorscorpion the Grappler (Troll Berserker)       Turns: 850, Time: 00:07:34

Health: -5/85      AC:  7    Str: 27    XL:     9   Next: 0%
Magic:  8/8        EV:  9    Int:  3    God:    Trog [**....]
Gold:   85         SH: 10    Dex:  9    Spells: 8/8 levels left

rFire    . . .     SeeInvis +     - Unarmed
rCold    . . .     Gourm    +   p - +2 shield
rNeg     . . .     Faith    .   q - +0 troll leather armour
rPois    .         Spirit   .   (helmet restricted)
rElec    .         Reflect  .   (no cloak)
rCorr    .         Harm     .   (gloves unavailable)
MR       .....                  (boots unavailable)
Stlth    +.........             j - amulet of the acrobat
HPRegen  1.04/turn              c - ring of see invisible
MPRegen  0.11/turn              k - -3 ring of strength (curse)

@: lethally poisoned (-5 -> -31), berserk cooldown, slowed, very slow
A: large, unfitting armour, claws 3, fast metabolism 3, gourmand, regeneration
1, shaggy fur 1, tough skin 2
a: Berserk, Trog's Hand, Renounce Religion


You were on level 2 of the Lair of Beasts.
You worshipped Trog.
Trog was pleased with you.
You were very full.

You visited 2 branches of the dungeon, and saw 12 of its levels.

You collected 85 gold pieces.

Inventory:

Missiles
 d - 5 poisoned needles
Armour
 a - a +0 animal skin
 p - a +2 shield (worn)
 q - a +0 troll leather armour (worn)
Jewellery
 c - a ring of see invisible (left claw)
 f - an uncursed amulet of the gourmand
 j - an amulet of the acrobat (around neck)
 k - a cursed -3 ring of strength (right claw)
 n - an uncursed amulet of rage {unknown}
 o - an uncursed ring of wizardry
Wands
 h - a wand of clouds (4)
Scrolls
 e - a scroll of amnesia
 m - 3 scrolls of remove curse {unknown}
Potions
 g - a potion of curing
 l - 2 potions of mutation {unknown}
 r - 2 potions of invisibility {unknown}
Comestibles
 b - 4 rations
 i - 10 chunks of flesh


   Skills:
 + Level 4.6 Fighting
 + Level 0.6 Armour
 + Level 5.5 Dodging
 + Level 1.3 Stealth
 + Level 0.7 Shields
 + Level 8.9 Unarmed Combat
 + Level 0.1 Evocations


You had 8 spell levels left.
You didn't know any spells.
Your spell library contained the following spells:

 Spells                   Type           Power        Failure   Level  Hunger
 Throw Frost              Conj/Ice       #.....       99%         2    ###....
 Freeze                   Ice            #...         99%         1    ##.....
 Summon Ice Beast         Ice/Summ       #.......     100%        4    #####..
 Ozocubu's Armour         Chrm/Ice       #.......     100%        3    ####...
 Throw Icicle             Conj/Ice       #.......     100%        4    #####..


Dungeon Overview and Level Annotations

Branches:
Dungeon (10/15)              Lair (2/6) D:10
 Temple: D:4-7        Swamp: Lair:2-4    Shoals: Lair:2-4     Snake: Lair:2-4
 Spider: Lair:2-4       Orc: D:9-12

Altars:


Innate Abilities, Weirdness & Mutations

You are too large for most types of armour.
You have claws for hands.
Your metabolism is lightning-fast.
You like to eat raw meat.
Your natural rate of healing is unusually fast.
You are covered in fur. (AC +1)
You have very tough skin. (AC +2)


Message History

You feel sick. The black mamba bites you!
You block the black mamba's attack. x3
The black mamba bites you!
Your shield prevents you from hitting the black mamba.
You feel sick. The black mamba completely misses you.
You block the black mamba's attack. The black mamba closely misses you.
You block the black mamba's attack. The black mamba bites you.
The black mamba barely misses you.
You scratch the black mamba.
The black mamba is lightly wounded.
You feel sick. The black mamba bites you.
* * * LOW HITPOINT WARNING * * *
You are more poisoned.
The black mamba poisons you! You block the black mamba's attack.
The black mamba bites you!
* * * LOW HITPOINT WARNING * * *
You are lethally poisoned!
The black mamba poisons you! The black mamba bites you!
* * * LOW HITPOINT WARNING * * *
The black mamba bites you!
You die...

#..............#
#....##P......##
#..<.#P.)......#
#..............#
#..............#
#...#.#........#
#.....#####..##...#
.......# #.......#
P.#.#..# ##@#....#
........ #SS#.....
.#.##... .......#.
. #.. .#.#......
#.#........ .
......... .. ...
..... ## .........


You could see 2 black mambas.

Vanquished Creatures
  A komodo dragon (Lair:2)
  A troll (D:10)
  Duvessa (D:5)
  A porcupine (D:10)
  An ice beast (D:5)
  An orc warrior (D:10)
  A sky beast (D:9)
  A black bear (Lair:2)
  A phantom (D:8)
  A crocodile (D:10)
  Blork the orc (D:5)
  4 bullfrogs
  2 scorpions (D:10)
  Dowan (D:5)
  3 wights (D:6)
  A crimson imp (D:5)
  7 worker ants
  A hound skeleton (D:8)
  An adder (D:5)
  2 leopard geckos
  An orc (D:9)
  2 bats
  2 giant cockroaches
  A hobgoblin (D:2)
  A quokka (D:10)
  A frilled lizard (D:5)
  2 kobolds
43 creatures vanquished.

Notes
Turn   | Place    | Note
-------+----------+-------------------------------------------
     0 | D:1      | emperorscorpion the Troll Berserker began the quest for the Orb.
     0 | D:1      | Reached XP level 1. HP: 22/22 MP: 0/0
   131 | D:2      | Reached XP level 2. HP: 16/29 MP: 1/1
   183 | D:5      | Entered Level 5 of the Dungeon
   194 | D:4      | Noticed a bullfrog
   205 | D:4      | Reached XP level 3. HP: 24/36 MP: 2/2
   210 | D:4      | Killed a bullfrog
   210 | D:4      | Reached XP level 4. HP: 19/45 MP: 3/3
   239 | D:5      | Noticed an ice beast
   245 | D:5      | Killed an ice beast
   245 | D:5      | Reached skill level 4 in Unarmed Combat
   245 | D:5      | Reached XP level 5. HP: 22/53 MP: 4/4
   280 | D:5      | Noticed Blork the orc
   309 | D:5      | Killed Blork the orc
   309 | D:5      | Reached XP level 6. HP: 61/61 MP: 5/5
   386 | D:6      | Reached skill level 5 in Unarmed Combat
   404 | D:5      | Noticed Dowan
   406 | D:5      | Noticed Duvessa
   411 | D:5      | Killed Dowan
   432 | D:5      | Killed Duvessa
   432 | D:5      | Reached XP level 7. HP: 51/70 MP: 6/6
   496 | D:8      | Reached ** piety under Trog
   496 | D:8      | Reached skill level 6 in Unarmed Combat
   604 | D:9      | Reached skill level 7 in Unarmed Combat
   604 | D:9      | Reached XP level 8. HP: 76/79 MP: 7/7
   639 | D:10     | Entered Level 10 of the Dungeon
   685 | D:10     | Noticed a troll
   691 | D:10     | Killed a troll
   691 | D:10     | Reached skill level 5 in Dodging
   755 | D:10     | Reached skill level 1 in Stealth
   756 | D:10     | Reached skill level 8 in Unarmed Combat
   791 | D:10     | Found a staircase to the Lair.
   800 | Lair:1   | Entered Level 1 of the Lair of Beasts
   816 | Lair:1   | Noticed a komodo dragon
   829 | Lair:2   | Noticed a komodo dragon
   838 | Lair:2   | Killed a komodo dragon
   838 | Lair:2   | Reached XP level 9. HP: 85/85 MP: 8/8
   843 | Lair:2   | Noticed a black mamba
   844 | Lair:2   | Noticed a black mamba
   850 | Lair:2   | Slain by a black mamba

Vault maps used:
D:1:      ebering_hopf_link, minmay_tree_intersection, minmay_heptomino_w4
D:2:      grunt_dithmenos_smoke
D:3:      bloody_makhleb, uniq_crazy_yiuf_cottage
D:4:      ebering_ghost_sewer_d, serial_shops, nicolae_shop_behind_doors,
          first_ration, grunt_ministairs_1, led_sif_book, uniq_eustachio
D:5:      portal_sewer_entry_f, uniq_duvessa, uniq_blork_the_orc
D:6:      cheibrodos_helix_gallery, slow_altar_1,
          minmay_temple_entry_statues_pillars
D:7:      gammafunk_ghost_grave, yredelemnul_altar_generic, uniq_pikel
D:8:      uniq_joseph
D:10:     grunt_lair_entry_orc_guard_hut, basic_altar
Lair:1:   grunt_megastairs_3, infiniplex_staircase_pool, uniq_gastronok,
          uniq_fannar
Lair:2:   minmay_swamp_entry_reptiles, guppyfry_snake_entry_island

Skill      XL: |  1  2  3  4  5  6  7  8 |
---------------+-------------------------+-----
Fighting       | 3 4 |  4.6
Dodging        | 3 4 5 |  5.5
Unarmed Combat | 4 5 7 8 |  8.9
Stealth        | 1 |  1.3
Armour         | |  0.6
Shields        | |  0.7
Evocations     | |  0.1

Action                   |  1- 3 |  4- 6 |  7- 9 || total
-------------------------+-------+-------+-------++-------
Melee: Unarmed           |    44 |    41 |   100 ||   185
       Punch             |       |     1 |     2 ||     3
Invok: Berserk           |     1 |     3 |     5 ||     9
Evoke: Wand              |       |     1 |       ||     1
  Use: Scroll            |       |     2 |       ||     2
 Stab: Confused          |       |     1 |       ||     1
  Eat: Chunk             |       |     8 |    12 ||    20
Armor: Animal skin       |    27 |    10 |    10 ||    47
       Troll leather arm |       |       |     1 ||     1
Dodge: Dodged            |    31 |    17 |    50 ||    98
Block: Shield            |       |       |    21 ||    21

Table legend:
 A = Spawn XP
 B = Non-spawn XP
 C = Spawn XP percentage of total XP
 D = Spawn monster count
 E = Non-spawn monster count
 F = Spawn count percentage of total count
 G = Total turns spent on level
                    A         B        C        D         E        F      G
               +---------+---------+-------+---------+---------+-------+---------
         Total |       0 |    2819 |   0.0 |       0 |      43 |   0.0 |   850
               +---------+---------+-------+---------+---------+-------+---------
           D:1 |       0 |       3 |   0.0 |       0 |       2 |   0.0 |    76
           D:2 |       0 |       7 |   0.0 |       0 |       4 |   0.0 |    49
           D:3 |       0 |       3 |   0.0 |       0 |       1 |   0.0 |    45
           D:4 |       0 |     123 |   0.0 |       0 |       3 |   0.0 |    58
           D:5 |       0 |     502 |   0.0 |       0 |       9 |   0.0 |   185
           D:6 |       0 |     171 |   0.0 |       0 |       3 |   0.0 |    41
           D:7 |       0 |     153 |   0.0 |       0 |       3 |   0.0 |    29
           D:8 |       0 |     301 |   0.0 |       0 |       5 |   0.0 |    74
           D:9 |       0 |     255 |   0.0 |       0 |       4 |   0.0 |   111
          D:10 |       0 |     822 |   0.0 |       0 |       7 |   0.0 |   132
        Lair:2 |       0 |     479 |   0.0 |       0 |       2 |   0.0 |    32
               +---------+---------+-------+---------+---------+-------+---------
